 Dungeon Crawl Stone Soup version 0.30-a0-1160-g6e42c06551 (webtiles) character file.

Game seed: 15461994888775378679

2021 avis the Changer (level 8, -5/67 HPs)
             Began as a Demigod Transmuter on Apr 24, 2023.
             Slain by Edmund
             ... wielding a +4 dire flail of protection
              (18 damage)
             ... on level 6 of the Dungeon on Apr 25, 2023.
             The game lasted 01:03:14 (8097 turns).

avis the Changer (Demigod Transmuter)               Turns: 8097, Time: 01:03:15

Health: -5/67      AC:  2    Str: 15    XL:     8   Next: 73%
Magic:  18/19      EV: 24    Int: 15    God:
Gold:   445        SH:  0    Dex: 29    Spells: 4/17 levels left

rFire   . . .        a - melded +2 dagger (speed)
rCold   . . .        (shield currently unavailable)
rNeg    . . .        q - melded +0 robe
rPois   x            P - melded +0 helmet
rElec   .            r - melded +0 cloak
rCorr   +            s - melded +2 pair of gloves
SInv    .            R - melded +2 pair of boots
Will    .....        (no amulet)
Stlth   ++           i - ring of resist corrosion
HPRegen 0.31/turn    y - +6 ring of dexterity
MPRegen 0.16/turn

%: no passive effects
@: spider-form (expiring)
A: venomous fangs, tiny, high MP 1, forlorn, divine attributes
a: End Transformation


You were on level 6 of the Dungeon.
You were a venomous arachnid creature.
You visited 2 branches of the dungeon, and saw 9 of its levels.
You also visited: Sewer.

You collected 445 gold pieces.

Inventory:

Hand Weapons
 a - a +2 dagger of speed (melded)
 b - a +0 sling
 w - a +4 dagger of venom
Missiles
 g - 2 throwing nets
Armour
 q - a +0 robe (melded)
 r - a +0 cloak (melded)
 s - a +2 pair of gloves (melded)
 N - a +0 buckler
 P - a +0 helmet (melded)
 R - a +2 pair of boots (melded)
Jewellery
 i - a ring of resist corrosion (left front pincers)
 y - a +6 ring of dexterity (right front pincers)
 F - a ring of protection from fire
Scrolls
 c - a scroll of silence {unknown}
 e - a scroll of amnesia {unknown}
 j - 3 scrolls of fear {unknown}
 m - a scroll of poison {unknown}
 p - 2 scrolls of immolation {unknown}
 t - 3 scrolls of fog {unknown}
 x - a scroll of vulnerability {unknown}
 E - 2 scrolls of enchant armour {unknown}
 G - 3 scrolls of teleportation {unknown}
 H - a scroll of summoning {unknown}
 J - 2 scrolls of noise {unknown}
 L - 2 scrolls of blinking {unknown}
Potions
 d - 2 potions of flight
 f - 4 potions of haste
 l - a potion of curing
 n - a potion of might {unknown}
 u - 2 potions of magic {unknown}
 A - a potion of invisibility {unknown}
 K - a potion of lignification


   Skills:
 * Level 4.3 Fighting
 * Level 4.3 Dodging
 * Level 4.3 Unarmed Combat
 - Level 5.0 Spellcasting
 - Level 5.0 Transmutations
 - Level 4.0 Ice Magic
 - Level 1.0 Poison Magic


You had 4 spell levels left.
You knew the following spells:

 Your Spells              Type           Power      Damage    Failure   Level
a - Beastly Appendage     Tmut           36%        N/A       8%          1
e - Wereblood             Tmut           18%        N/A       11%         2
o - Ozocubu's Armour      Ice            15%        N/A       24%         3
p - Spider Form           Tmut/Pois      12%        N/A       32%         3
q - Ice Form              Ice/Tmut       17%        N/A       47%         4

Your spell library contained the following spells:

 Spells                   Type           Power      Damage    Failure   Level
 Apportation              Tloc           6%         N/A       34%         1
 Necrotise                Necr           12%        1d4       34%         1
 Summon Small Mammal      Summ           12%        N/A       34%         1
 Gell's Gravitas          Tloc           3%         N/A       65%         3
 Teleport Other           Tloc           3%         N/A       65%         3
 Metabolic Englaciation   Hex/Ice        4%         N/A       97%         5
 Dispersal                Tloc           1%         N/A       100%        6
 Simulacrum               Ice/Necr       4%         N/A       100%        6


Dungeon Overview and Level Annotations

Branches:
Dungeon (8/15)             Temple (1/1) D:7           Sewer (visited)
   Lair: D:8-11

Shops:
D:2 :   D:3 [(=:

Annotations:
D:3 1 runed translucent door, AlpineCheese's ghost, amateur MiBe
D:6 Edmund


Innate Abilities, Weirdness & Mutations

You are a venomous arachnid creature.
You have venomous fangs.
You are tiny and dextrous.
Your spellcasting is less reliable in this form.
Your armour is entirely melded.
You are incapable of wielding weapons or throwing items.
You have an increased reservoir of magic. (+10% MP)
You shall have no god before yourself.
Your divine heritage dramatically boosts your attributes as you level up.


Message History

The scorpion is heavily wounded.
The scorpion stings you.
You hit the scorpion.
The scorpion looks as sick as possible!
The scorpion is severely wounded.
You kill the scorpion!
You hit Edmund.
Edmund is poisoned.
Edmund is lightly wounded.
Edmund hits you with a +4 dire flail of protection!
You hit Edmund.
Edmund looks as sick as possible!
Edmund is lightly wounded.
Edmund barely misses you.
You hit Edmund.
Edmund is moderately wounded.
Edmund completely misses you.
You bite Edmund!
Edmund looks as sick as possible!
Edmund is heavily wounded.
Edmund hits you with a +4 dire flail of protection!
You hit Edmund but do no damage.
Edmund is heavily wounded.
Edmund hits you with a +4 dire flail of protection!
You hit Edmund but do no damage.
Edmund is heavily wounded.
Your transformation is almost over.
Edmund hits you with a +4 dire flail of protection.
You hit Edmund but do no damage.
Edmund looks as sick as possible!
Edmund is heavily wounded.
Edmund hits you with a +4 dire flail of protection.
* * * LOW HITPOINT WARNING * * *
You hit Edmund but do no damage.
Edmund is severely wounded.
Edmund hits you with a +4 dire flail of protection!
* * * LOW HITPOINT WARNING * * *
Edmund attacks as you move away! Edmund misses you.
Edmund says, "I'm quite good with sums, too."
Edmund attacks as you move away!
Edmund hits you with a +4 dire flail of protection.
* * * LOW HITPOINT WARNING * * *
You feel better.
Edmund hits you with a +4 dire flail of protection!!
You die...

...####### ..##.....# #####
..#......###...###########
..#.....#.........#..>...#
'###....#.....#...#.......
..##....#.......###.#....
........#....#....#.#..
..##....#....#....#..#
..##....#....###s#...# #.......
........+....#..@....# #.......
........#....#...#(### #.......
........#....####....# #.......
........#.....# #..).#####.......
#.##.##.#.....#####.#...##.......
#.##.##+###.....#.......#.@......
..........'.....#..)#.###........
.(........#.....#[[#....#........


You could see Edmund (extremely poisoned).

Vanquished Creatures
  Grinder (D:5)
  Eustachio (D:4)
  A water moccasin (Sewer)
  An orc warrior (D:7)
  2 ice beasts
  A sky beast (D:6)
  A black bear (D:6)
  A phantom (D:3)
  A kobold brigand (D:6)
  A scorpion (D:6)
  A wight (D:8)
  A howler monkey (D:6)
  5 orc priests
  6 hounds
  A jelly (D:2)
  5 orc wizards
  3 iguanas
  3 gnolls (D:4)
  6 adders
  2 white imps (D:5)
  An ufetubus (D:4)
  2 worms (D:2)
  5 dart slugs
  32 orcs
  13 ball pythons
  4 bats (D:1)
  5 endoplasms
  2 giant cockroaches
  9 goblins
  9 hobgoblins
  5 jackals
  9 quokkas
  6 frilled lizards (D:1)
  8 kobolds
  3 rats
157 creatures vanquished.

Notes
Turn   | Place    | Note
-------+----------+-------------------------------------------
     0 | D:1      | avis the Demigod Transmuter began the quest for the Orb.
     0 | D:1      | Reached XP level 1. HP: 15/15 MP: 5/5
    25 | D:1      | Reached skill level 1 in Fighting
   201 | D:1      | Reached XP level 2. HP: 22/23 MP: 7/7
   245 | D:1      | Learned a level 2 spell: Wereblood
   463 | D:1      | Reached XP level 3. HP: 17/28 MP: 6/8
   511 | D:1      | Learned a level 3 spell: Spider Form
   765 | D:2      | Found Woxaan's Vocational Training.
   930 | D:1      | Reached skill level 1 in Poison Magic
  1098 | D:2      | HP: 1/29 [acid (4)]
  1103 | D:2      | Reached XP level 4. HP: 2/36 MP: 7/9
  1958 | D:3      | Found Iqoubuir's Antique Weapon Shop.
  2227 | D:3      | Identified the +5 scale mail of Analysis {rF+ Stlth+}
  2271 | D:3      | Found a glowing drain.
  2275 | Sewer    | Entered a sewer
  2342 | Sewer    | Noticed a water moccasin
  2362 | Sewer    | Killed a water moccasin
  2363 | Sewer    | Reached XP level 5. HP: 10/42 MP: 7/12
  2895 | D:3      | Found a runed translucent door.
  2923 | D:3      | Found Syha's Antique Armour Shop.
  2962 | D:3      | Found Seishryph's Book Emporium.
  3193 | D:3      | Found Zupnimit's Jewellery Emporium.
  3355 | D:3      | Noticed AlpineCheese's ghost (amateur MiBe)
  3364 | D:3      | Learned a level 4 spell: Ice Form
  3685 | D:4      | Noticed Eustachio
  3826 | D:4      | Killed Eustachio
  3827 | D:4      | Reached XP level 6. HP: 42/51 MP: 10/14
  4320 | D:4      | Reached XP level 7. HP: 53/57 MP: 9/15
  4387 | D:4      | Learned a level 3 spell: Ozocubu's Armour
  5057 | D:4      | Upgraded the game from 0.30-a0-1124-g6e8f0f562f to
                  | 0.30-a0-1160-g6e42c06551
  5092 | D:5      | Entered Level 5 of the Dungeon
  6343 | D:6      | Noticed Grinder
  6351 | D:5      | Paralysed by Grinder for 2 turns
  6358 | D:5      | Paralysed by Grinder for 2 turns
  6364 | D:5      | Paralysed by Grinder for 3 turns
  6385 | D:5      | Killed Grinder
  6386 | D:5      | Reached skill level 5 in Transmutations
  6475 | D:6      | Reached XP level 8. HP: 66/66 MP: 15/18
  6588 | D:6      | Reached skill level 5 in Spellcasting
  7223 | D:6      | You fall into a shaft and drop 2 floors!
  7600 | D:7      | Found a staircase to the Ecumenical Temple.
  7612 | Temple   | Entered the Ecumenical Temple
  8065 | D:6      | Noticed Edmund
  8097 | D:6      | Slain by Edmund

Illustrated notes

Levels and vault maps discovered:
D:1:      minmay_arrival_wavy_path, layout_basic, minmay_circled_x
D:2:      layout_rooms, ebering_ecumenical_altar_webs,
          corexii_item_surrounded_by_moat, hex_intersection,
          dreamdust_princess_corridor, nicolae_shop_vocational
D:3:      layout_basic, nicolae_xom_altar_mimics,
          mainiacjoe_overflow_surrounded_room, kiku_gazebo_pond_becter,
          lemuel_doored_altar, ebering_ghost_sewer_d, gup_sewer_entry_bowl,
          serial_shops, shop, shop, nicolae_shop_advertising_works
          [nicolae_subvault_shop_adworks], shop, serial_bayou_pond_a
D:4:      layout_basic, eino_small_chamber_without_monster,
          dreamdust_gnoll_farm, uniq_eustachio
D:5:      layout_cave_pools, lemuel_blue_sif_altar
D:6:      layout_gridville, hangedman_decor_push, uniq_edmund, uniq_grinder
D:7:      layout_basic, okawaru_metal_pillars_1_2, lemuel_round_altar,
          minmay_temple_entry_statues_fountains, kennysheep_small_square
D:8:      layout_loops_corners, jmf_multi_god_temple, serial_shops, shop,
          uniq_grum
Temple:   dpeg_chambers_temple

Skill      XL: |  1  2  3  4  5  6  7  8 |
---------------+-------------------------+-----
Fighting       | 1 2 3 4 |  4.3
Dodging        | 2 4 |  4.3
Spellcasting   | 2 3 4 5 |  5.0
Transmutations | 2 3 4 5 |  5.0
Poison Magic   | 1 |  1.0
Ice Magic      | 2 3 4 |  4.0
Unarmed Combat | 4 |  4.3

Action                     |  1- 3 |  4- 6 |  7- 9 || total
---------------------------+-------+-------+-------++-------
  Melee: Unarmed           |   104 |   120 |   209 ||   433
         Kick              |    29 |     8 |    10 ||    47
         Headbutt          |    11 |     3 |     8 ||    22
         Punch             |     2 |       |     1 ||     3
         Dagger            |       |    30 |    36 ||    66
   Fire: Sling             |    12 |    42 |     9 ||    63
   Cast: Beastly Appendage |    25 |    10 |     8 ||    43
         Spider Form       |       |    23 |    31 ||    54
         Ice Form          |       |       |     1 ||     1
Ability: End Transformatio |       |     2 |     1 ||     3
    Use: Potion            |     1 |       |     2 ||     3
         Scroll            |       |       |     5 ||     5
   Stab: Sleeping          |     1 |       |     1 ||     2
 Armour: Robe              |    19 |    14 |    16 ||    49
         Skin              |     3 |     8 |    10 ||    21
  Dodge: Dodged            |    72 |   129 |   186 ||   387

Table legend: (Time is in decaauts)
 A = Elapsed time spent in this place.
 B = Non-inter-level travel time spent in this place.
 C = Inter-level travel time spent in this place.
 D = Time resting spent in this place.
 E = Time spent auto-exploring this place.
 F = Levels seen in this place.
 G = Mean time per level.
                   A        B        C        D        E       F      G
               +--------+--------+--------+--------+--------+-----+--------+
         Total |   8082 |   7252 |    830 |   1681 |   3171 |  10 |  808.2 |
       Dungeon |   7769 |   6939 |    830 |   1552 |   3160 |   8 |  971.1 |
        Temple |     30 |     30 |      0 |      0 |      0 |   1 |   30.0 |
         Sewer |    282 |    282 |      0 |    129 |     11 |   1 |  282.0 |
               +--------+--------+--------+--------+--------+-----+--------+

Top non-repeatable levels by time:
     D:4: 1720 daAuts
     D:3: 1441 daAuts
     D:1: 1093 daAuts
     D:5: 1079 daAuts
     D:6: 978 daAuts
     D:2: 930 daAuts
     D:7: 393 daAuts
   Sewer: 282 daAuts
     D:8: 132 daAuts
  Temple: 30 daAuts
